 Dungeon Crawl Stone Soup version 0.28-a0-1447-ga5a8893891 (webtiles) character file.

Game seed: 3423172483029751852

134669 siradein the Nimble (level 17, 0/127 HPs)
             Began as a Djinni Summoner on Jan 11, 2022.
             Was the Champion of Makhleb.
             Killed by an exploding bloated husk (39 damage)
             ... on level 4 of the Swamp on Jan 12, 2022.
             The game lasted 03:23:07 (29512 turns).

siradein the Nimble (Djinni Summoner)              Turns: 29512, Time: 03:23:08

Health: 0/127      AC: 11    Str:  7    XL:     17   Next: 75%
Gold:   529        EV: 24    Int: 28    God:    Makhleb [******] SH:  0 Dex: 15

rFire   + + +      SeeInvis .   y - +12 quarterstaff of the Real Monster {drain, rC+ rN+}
rCold   + + .      Faith    .   (shield currently unavailable)
rNeg    + . .      Spirit   .   f - +2 robe {Archmagi}
rPois   ∞          Reflect  .   k - +2 helmet of Pabb {*Slow Will++ Regen+}
rElec   .          Harm     .   S - +0 cloak "Fiul" {Int+4}
rCorr   .          Rampage  .   u - +1 pair of gloves
Will    +++..      Archmagi +   (boots unavailable)
Stlth   ++........              Y - amulet of regeneration
HPRegen 1.91/turn               W - ring of the Yeti {rF+ rC+}
MPRegen 0.00/turn               m - ring "Nese" {rC+ EV+4}

@: flying
A: sickness immunity, fire resistance 2, cold vulnerability 1, float, innate
caster, hp casting, extra vitality 1
a: Renounce Religion, Minor Destruction, Lesser Servant of Makhleb, Major
Destruction, Greater Servant of Makhleb


You were on level 4 of the Swamp.
You worshipped Makhleb.
Makhleb was exalted by your worship.
You visited 5 branches of the dungeon, and saw 28 of its levels.

You collected 2280 gold pieces.
You spent 1751 gold pieces at shops.

Inventory:

Hand Weapons
 y - the +12 quarterstaff of the Real Monster (weapon) {drain, rC+ rN+}
   (You found it on level 14 of the Dungeon)

   A truly terrible weapon, it drains the life of any living foe it strikes.
   rC:        It protects you from cold.
   rN:        It protects you from negative energy.
Missiles
 i - 640 stones
 J - 4 throwing nets
Armour
 f - a +2 robe of the Archmagi (worn)
 k - the +2 helmet of Pabb (worn) {*Slow Will++ Regen+}
   (You bought it in a shop on level 8 of the Dungeon)

   Regen:     It increases your rate of health regeneration.
   *Slow:     It may slow you when you take damage.
   Will:      It greatly increases your willpower.
 t - a +4 troll leather armour
 u - a +1 pair of gloves (worn)
 S - the +0 cloak "Fiul" (worn) {Int+4}
   (You bought it in a shop on level 8 of the Dungeon)

   Int:       It affects your intelligence (+4).
 U - a +2 cloak
Magical Staves
 H - a staff of fire
Jewellery
 l - a ring of positive energy
 m - the ring "Nese" (right hand) {rC+ EV+4}
   (You found it on level 3 of the Dungeon)

   [ring of evasion]

   EV:        It affects your evasion (+4).
   rC:        It protects you from cold.
 F - a ring of fire
 O - a +6 ring of dexterity
 P - a +4 ring of evasion
 Q - a ring of protection from cold
 R - a ring of wizardry
 W - the ring of the Yeti (left hand) {rF+ rC+}
   (You found it on level 6 of the Lair of Beasts)

   [ring of protection from fire]

   rF:        It protects you from fire.
   rC:        It protects you from cold.
 X - a ring of willpower
 Y - an amulet of regeneration (around neck)
Wands
 a - a wand of digging (4)
 C - a wand of polymorph (14)
 K - a wand of flame (37)
 T - a wand of charming (17)
 V - a wand of iceblast (8)
Scrolls
 d - 2 scrolls of enchant weapon
 e - a scroll of silence
 g - 4 scrolls of brand weapon
 h - 9 scrolls of teleportation
 n - 3 scrolls of fear
 o - 9 scrolls of summoning
 q - a scroll of enchant armour
 z - 6 scrolls of magic mapping
 I - 4 scrolls of blinking
 L - 3 scrolls of immolation
 M - 2 scrolls of holy word
 N - 3 scrolls of fog
Potions
 b - 5 potions of brilliance
 c - 12 potions of curing
 j - 3 potions of resistance
 p - a potion of berserk rage
 r - 5 potions of mutation
 s - 7 potions of heal wounds
 v - 10 potions of ambrosia
 w - 9 potions of might
 x - 4 potions of invisibility
 A - 3 potions of haste {unknown}
 B - a potion of lignification
 D - a potion of cancellation {unknown}
 E - 5 potions of degeneration {unknown}
Miscellaneous
 G - a lightning rod (4/4)


   Skills:
 + Level 13.6 Fighting
 - Level 1.5 Short Blades
 - Level 2.9(3.5) Polearms
 - Level 3.4(4.1) Staves
 + Level 6.1 Armour
 + Level 14.8 Dodging
 - Level 1.5 Stealth
 * Level 14.1 Spellcasting
 + Level 11.7 Invocations
 + Level 8.9 Evocations


You couldn't memorise any spells.
You knew the following spells:

 Your Spells              Type           Power      Damage    Failure   Level
a - Summon Small Mammal   Summ           100%       N/A       0%          1
b - Call Imp              Summ           99%        N/A       0%          2
c - Call Canine Familiar  Summ           99%        N/A       1%          3
d - Summon Guardian Gole  Hex/Summ       99%        N/A       1%          3
e - Summon Lightning Spi  Summ/Air       99%        N/A       1%          4
f - Sandblast             Erth           100%       2d20      0%          1
g - Corpse Rot            Necr/Air       100%       N/A       0%          2
h - Mephitic Cloud        Conj/Pois/Air  99%        N/A       1%          3
i - Conjure Flame         Conj/Fire      99%        6-21      1%          3
j - Animate Armour        Summ/Erth      100%       N/A       1%          4
k - Manifold Assault      Tloc           99%        N/A       1%          5
l - Simulacrum            Ice/Necr       49%        N/A       1%          6
m - Malign Gateway        Summ/Tloc      49%        N/A       7%          7
Your spell library was empty.

Dungeon Overview and Level Annotations

Branches:
Dungeon (15/15)            Temple (1/1) D:5            Lair (6/6) D:8
  Swamp (4/4) Lair:2       Spider (0/4) Lair:4        Slime (0/5) Lair:5
    Orc (2/2) D:10            Elf (0/3) Orc:2        Vaults (0/5) D:13
 Depths (0/4) D:15

Altars:
Ashenzari
Cheibriados
Dithmenos
Elyvilon
Fedhas
Gozag
Hepliaklqana
Kikubaaqudgha
Makhleb
Nemelex Xobeh
Okawaru
Qazlal
Ru
Sif Muna
Trog
Uskayaw
Vehumet
Wu Jian
Xom
Yredelemnul
Zin
The Shining One
Beogh
Jiyva

Shops:
D:8 ![=[=   D:9 :   D:14 =   Orc:2 ((?[

Portals:
Abyss: D:12

Annotations:
D:12 2 transporters, Ygigywn's ghost, journeyman DsFi
Lair:6 3 runed translucent doors, Shayle's ghost, journeyman GnWr


Innate Abilities, Weirdness & Mutations

You are immune to sickness and miasma.
You are immune to poison.
Your flesh is very heat resistant. (rF++)
You are vulnerable to cold. (rC-)
You float through the air rather than walking.
You learn spells naturally, not from books.
Your magical power is your life essence.
You have superior vitality. (+4 MHP)


Message History

Here: a tyrant leech (noxious fumes) Some shallow water.
Blink to where?
Press: ? - help, Dir - move target, p - hornet A swamp worm comes into view.
Found 21 gold pieces and a scroll of magic mapping.
As you read the scroll of blinking, it crumbles to dust.
The tyrant leech is engulfed in noxious fumes.
The swamp drake breathes poison at you.
The noxious blast engulfs you but does no damage.
You resist.
You hear an explosion!
You smell burning wood.
The swamp worm fires a harpoon shot at you.
The harpoon shot misses you.
Casting: Mephitic Cloud (safe; 1% risk of failure)
Confirm with . or Enter, or press ? or * to list all spells.
You feel a surge of power!
An electric hum fills the air.
* * * LOW HITPOINT WARNING * * *
The swamp worm fires a harpoon shot at you.
The harpoon shot misses you.
A bloated husk comes into view.
Your lightning spire shoots out a bolt of lightning at the swamp worm!
The bolt of electricity hits the swamp worm!
The swamp drake breathes poison at you.
The noxious blast engulfs you but does no damage.
You resist.
Your lightning spire shoots out a bolt of lightning at the swamp worm!
The bolt of electricity hits the swamp worm!!
The swamp worm dies!
Makhleb accepts your kill.
Your tyrant leech simulacrum closely misses the swamp drake.
The swamp drake breathes poison at you. The noxious blast misses you.
The tyrant leech is engulfed in noxious fumes.
The tyrant leech barely misses you.
The bloated husk explodes!
The blast of putrescent gases engulfs the tyrant leech!!
The blast of putrescent gases engulfs you!!!
You die...

≈≈≈≈≈≈[.≈≈≈.....≈≈≈.
≈≈≈≈....≈t≈≈.≈≈....≈.♣♣≈
≈≈≈≈.♣♣.§≈≈≈≈≈≈.≈≈.♣...≈
≈≈..≈♣♣≈.≈≈≈≈≈8.≈≈..≈≈≈≈
≈≈...♣≈≈≈≈≈≈Z≈≈.≈≈≈≈≈≈≈≈
.≈......≈≈§≈k§.≈§≈≈≈≈≈≈≈
≈$..≈...Z○§≈≈≈≈≈≈..
≈≈♣♣♣♣♣≈.○w○§≈..≈♣ ≈
♣≈≈○○@.?.≈♣
♣§≈○○♣♣..♣≈§.≈ ♣♣..○♣
.≈≈≈≈ . ♣♣♣♣♣ ≈≈≈≈≈≈.
♣.≈≈≈.♣ ♣♣≈≈♣♣ ♣♣♣


You could see an alligator, a tyrant leech, a swamp drake, a friendly lightning
spire (summoned), a friendly tyrant leech simulacrum and a friendly alligator
simulacrum.

Vanquished Creatures
  The ghost of oldriver the Fighter, a journeyman FoCK of Xom (Lair:2)
  Josephine (D:13)
  A boulder beetle (D:15)
  A rakshasa (D:15)
  An ogre mage (D:15)
  2 centaur warriors
  2 two-headed ogres (D:15)
  A death yak (Lair:6)
  A goliath frog (Swamp:2)
  2 spriggan druids
  A necromancer (Lair:5)
  A cyclops (D:11)
  2 ugly things (D:15)
  A manticore (Lair:6)
  An elephant (Lair:5)
  A torpor snail (Lair:6)
  A centaur zombie (D:11)
  A gargoyle (D:13)
  A rime drake (Lair:2)
  A cane toad (Lair:6)
  A freezing wraith (D:15)
  A komodo dragon (Lair:2)
  2 tengu conjurers
  A polar bear (Lair:2)
  2 tyrant leeches (Swamp:2)
  Grinder (D:5)
  7 dream sheep (Lair:6)
  A shadow (D:12)
  23 yaks
  Eustachio (D:4)
  A basilisk (D:14)
  A spriggan (Swamp:2)
  2 vampire mosquitoes (D:13)
  5 swamp worms
  9 water moccasins
  13 orc warriors
  An ice beast (D:6)
  2 black bears (D:8)
  2 boggarts (D:15)
  An ogre (Orc:2)
  8 wolves
  4 centaurs
  4 bullfrogs
  A gnoll sergeant (Orc:2)
  3 scorpions
  A water moccasin skeleton (D:6)
  13 killer bees
  A wight (D:9)
  5 electric eels
  2 howler monkeys
  A lava snake (D:14)
  A hound (D:5)
  6 orc priests
  A centaur skeleton (D:6)
  2 iguanas (D:5)
  A scorpion zombie (D:5)
  13 orc wizards
  A howler monkey zombie (D:7)
  15 gnolls
  5 adders
  A shadow imp (D:6)
  A white imp (D:3)
  An adder skeleton (D:5)
  A dart slug (D:2)
  31 orcs
  4 bats
  6 endoplasms
  2 giant cockroaches
  6 goblins
  3 hobgoblins
  7 jackals (D:3)
  3 kobolds
  3 quokkas
  6 ball pythons
  3 frilled lizards
  A rat (D:2)
268 creatures vanquished.

Vanquished Creatures (collateral kills)
  Frances (D:12)
  Kirke (D:12)
  A very ugly thing (shapeshifter) (D:15)
  7 eleionomae
  2 bunyips
  Snorg (D:12)
  A shambling mangrove (Swamp:1)
  2 rakshasas (D:15)
  A vault guard (D:13)
  5 catoblepae
  8 hydras
  3 boulder beetles
  A death knight (D:14)
  2 centaur warriors
  A ghost crab (Swamp:2)
  7 two-headed ogres
  3 alligators
  11 death yaks
  Urug (D:13)
  A skeletal warrior (D:13)
  A glowing orange brain (D:15)
  An orb spider (shapeshifter) (D:15)
  A swamp dragon (Swamp:1)
  3 spriggan druids
  A phantasmal warrior (D:14)
  2 lindwurms (Lair:5)
  5 bog bodies
  7 orc knights
  3 deep elf pyromancers
  A wolf spider (Lair:4)
  7 cyclopes
  An orc sorcerer (Orc:2)
  13 ugly things
  2 will-o-the-wisps (Swamp:1)
  9 elephants
  5 manticores
  9 black mambas
  12 cane toads
  A torpor snail (Lair:3)
  A kobold demonologist (D:11)
  4 gargoyles
  2 rime drakes
  2 tengu conjurers (D:13)
  An efreet (D:15)
  3 komodo dragons
  2 freezing wraiths (D:14)
  4 tyrant leeches
  3 trolls
  4 polar bears
  4 hornets
  A queen bee (Lair:3)
  7 dream sheep (Lair:6)
  13 slime creatures
  6 wraiths
  2 shadows
  6 spriggans
  7 wyverns
  The ghost of riojii the Chopper, an amateur HOWr (D:3)
  A human (D:13)
  49 yaks
  Grum (D:11)
  2 hogs (D:12)
  13 vampire mosquitoes
  A steam dragon (D:9)
  5 basilisks
  Menkaure (D:5)
  4 wargs
  A naga (shapeshifter) (D:13)
  9 swamp worms
  2 acid dragons
  12 water moccasins
  31 orc warriors
  7 black bears
  2 ice beasts (D:7)
  3 elephant zombies (Lair:5)
  24 wolves
  4 ogres
  A boggart (D:15)
  7 centaurs
  3 phantoms (D:6)
  A komodo dragon zombie (Lair:5)
  6 bullfrogs
  3 gnoll sergeants
  4 scorpions
  A water moccasin skeleton (D:4)
  19 killer bees
  7 wights
  3 howler monkeys
  3 centaur zombies
  A bullfrog zombie (D:5)
  5 hounds
  A jelly (D:7)
  14 orc priests
  A centaur skeleton (D:6)
  3 iguanas
  17 orc wizards
  23 gnolls
  An adder (D:2)
  A shadow imp (D:7)
  A worm (D:2)
  48 orcs
  2 ball pythons
  2 endoplasms (D:2)
  A giant cockroach (D:2)
  A goblin (D:1)
  2 hobgoblins
  3 jackals
  A ball python zombie (D:3)
  3 bats
  A frilled lizard (D:1)
  2 kobolds
  3 rats
584 creatures vanquished.

Vanquished Creatures (others)
  21 eldritch tentacles
  A boulder beetle (D:12)
  A death yak (Lair:6)
  Sonja (D:11)
  A cyclops (D:7)
  A black mamba (Lair:6)
  A bloated husk (Swamp:4)
  A yak (D:7)
  2 orc warriors (Orc:2)
  A wolf (Lair:5)
  An orc wizard (Orc:2)
  2 orcs (Orc:2)
  22 foxfires (Swamp:1)
  43 fungi
  61 plants
160 creatures vanquished.

Grand Total: 1012 creatures vanquished

Notes
Turn   | Place    | Note
-------+----------+-------------------------------------------
     0 | D:1      | siradein the Djinni Summoner began the quest for the Orb.
     0 | D:1      | Reached XP level 1. HP: 15/15 MP: 0/0
   493 | D:1      | Reached XP level 2. HP: 17/22 MP: 0/0
  1198 | D:1      | Found a faded altar of an unknown god.
  1669 | D:2      | Reached XP level 3. HP: 22/26 MP: 0/0
  1669 | D:2      | Learned a level 1 spell: Sandblast
  2277 | D:2      | Reached skill level 1 in Fighting
  2382 | D:2      | Reached XP level 4. HP: 29/32 MP: 0/0
  2410 | D:2      | Reached skill level 1 in Short Blades
  2854 | D:2      | Noticed a scorpion
  2923 | D:2      | Killed a scorpion
  2924 | D:2      | Reached XP level 5. HP: 13/38 MP: 0/0
  2924 | D:2      | Learned a level 2 spell: Corpse Rot
  3455 | D:2      | HP: 1/38 [gnoll (5)]
  3464 | D:2      | Reached XP level 6. HP: 3/43 MP: 0/0
  4116 | D:3      | Identified the ring "Nese" {rC+ EV+4}
  4495 | D:3      | Reached skill level 1 in Polearms
  4844 | D:3      | Found a runed translucent gate.
  4846 | D:3      | Found an opulent altar of Gozag.
  4847 | D:3      | Found a runed translucent gate.
  4847 | D:3      | Found a runed translucent gate.
  4849 | D:3      | Noticed riojii's ghost (amateur HOWr)
  5058 | D:3      | Found a glowing golden altar of the Shining One.
  6104 | D:4      | Reached skill level 1 in Armour
  6104 | D:4      | Reached XP level 7. HP: 45/49 MP: 0/0
  6104 | D:4      | Learned a level 3 spell: Mephitic Cloud
  6276 | D:4      | Reached skill level 5 in Spellcasting
  7035 | D:5      | Entered Level 5 of the Dungeon
  7035 | D:5      | Noticed Eustachio
  7109 | D:5      | Noticed Menkaure
  7117 | D:5      | Killed Menkaure
  7118 | D:5      | Reached XP level 8. HP: 31/55 MP: 0/0
  7339 | D:5      | Noticed Grinder
  7449 | D:4      | Killed Eustachio
  7673 | D:5      | Killed Grinder
  7674 | D:5      | Reached XP level 9. HP: 53/62 MP: 0/0
  7674 | D:5      | Learned a level 3 spell: Conjure Flame
  7861 | D:5      | Found a staircase to the Ecumenical Temple.
  7885 | Temple   | Entered the Ecumenical Temple
  7918 | Temple   | Became a worshipper of Makhleb the Destroyer
  8385 | D:6      | Reached skill level 5 in Dodging
  8618 | D:6      | Reached skill level 5 in Fighting
  9133 | D:7      | Reached * piety under Makhleb
  9212 | D:7      | Reached XP level 10. HP: 72/72 MP: 0/0
  9697 | D:7      | Noticed a deep elf pyromancer
  9711 | D:7      | Killed a deep elf pyromancer
  9821 | D:7      | Noticed a four-headed hydra
  9933 | D:7      | Killed a four-headed hydra
  9964 | D:7      | Noticed a cyclops
 10016 | D:7      | Killed a cyclops
 10186 | D:8      | Found Reatifats's Distillery.
 10193 | D:8      | Bought a potion of lignification for 42 gold pieces
 10193 | D:8      | Bought a potion of might for 56 gold pieces
 10193 | D:8      | Bought a potion of heal wounds for 70 gold pieces
 10251 | D:8      | Found a huge runed translucent gate.
 10251 | D:8      | Found a huge runed translucent gate.
 10251 | D:8      | Found a huge runed translucent gate.
 10252 | D:8      | Found a huge runed translucent gate.
 10253 | D:8      | Noticed a death yak
 10294 | D:8      | Found Enuics's Jewellery Shoppe.
 10323 | D:8      | Found Dunungera's Jewellery Emporium.
 10343 | D:8      | Reached ** piety under Makhleb
 10344 | D:8      | Reached XP level 11. HP: 79/79 MP: 0/0
 10344 | D:8      | Learned a level 4 spell: Animate Armour
 10364 | D:8      | Found a snail-covered altar of Cheibriados.
 10391 | D:8      | Found Ceaq's Armour Shop.
 10471 | D:8      | Found Jeaffi's Antique Armour Shop.
 10568 | D:8      | Found a staircase to the Lair.
 10786 | D:9      | Found Utsin's Book Emporium.
 10839 | D:9      | Reached skill level 1 in Invocations
 11388 | D:9      | Noticed a two-headed ogre
 11400 | D:9      | Killed a two-headed ogre
 11784 | D:10     | Entered Level 10 of the Dungeon
 11956 | D:10     | Noticed a deep elf pyromancer
 11961 | D:10     | Killed a deep elf pyromancer
 12020 | D:10     | Noticed a two-headed ogre
 12033 | D:10     | Killed a two-headed ogre
 12182 | D:10     | Reached *** piety under Makhleb
 12482 | D:10     | Found a staircase to the Orcish Mines.
 12532 | D:10     | Found an ornate altar of the Wu Jian Council.
 12593 | D:11     | Reached skill level 10 in Spellcasting
 12638 | D:11     | Noticed a cyclops
 12655 | D:11     | Killed a cyclops
 12672 | D:11     | Reached XP level 12. HP: 82/88 MP: 0/0
 12705 | D:11     | Noticed Sonja
 12710 | D:11     | Killed Sonja
 13066 | D:11     | Noticed Grum
 13070 | D:11     | Killed Grum
 13209 | D:11     | Found a hazy altar of Hepliaklqana.
 13469 | D:11     | Identified the -2 pair of gloves of Trumpets {rC+ Will+
                  | Dex-2}
 13557 | D:8      | Bought the +2 helmet of Pabb {*Slow Will++ Regen+} for 315
                  | gold pieces
 13773 | Lair:1   | Entered Level 1 of the Lair of Beasts
 13978 | Lair:1   | Reached skill level 5 in Invocations
 14672 | Lair:2   | Reached skill level 10 in Dodging
 14755 | Lair:2   | Found a runed translucent door.
 14755 | Lair:2   | Noticed oldriver's ghost (journeyman FoCK)
 14835 | Lair:2   | Reached **** piety under Makhleb
 15165 | Lair:2   | Reached XP level 13. HP: 94/94 MP: 0/0
 15165 | Lair:2   | Learned a level 5 spell: Manifold Assault
 15516 | Lair:2   | Found a staircase to the Swamp.
 16044 | D:8      | Bought an ichor-stained cloak for 247 gold pieces
 16044 | D:8      | Identified the +0 cloak "Fiul" {Int+4} (You bought it in a
                  | shop on level 8 of the Dungeon)
 16283 | Lair:3   | Reached skill level 10 in Fighting
 16612 | Lair:3   | Reached ***** piety under Makhleb
 16750 | Lair:4   | Found a basalt altar of Yredelemnul.
 17132 | Lair:4   | Found a hole to the Spider Nest.
 17815 | Lair:5   | Found a viscous altar of Jiyva.
 17875 | Lair:5   | Reached XP level 14. HP: 84/103 MP: 0/0
 17878 | Lair:5   | Reached skill level 1 in Evocations
 18025 | Lair:5   | Found a staircase to the Slime Pits.
 18724 | Lair:6   | Entered Level 6 of the Lair of Beasts
 19001 | Lair:6   | Reached ****** piety under Makhleb
 19268 | Lair:6   | Reached XP level 15. HP: 111/111 MP: 0/0
 19268 | Lair:6   | Learned a level 6 spell: Simulacrum
 19281 | Lair:6   | Reached skill level 5 in Evocations
 19355 | Lair:6   | Found a runed translucent gate.
 19355 | Lair:6   | Found a runed translucent gate.
 19356 | Lair:6   | Found a runed translucent gate.
 19357 | Lair:6   | Noticed Shayle's ghost (journeyman GnWr)
 19991 | Lair:6   | Identified the ring of the Yeti {rF+ rC+}
 20393 | D:3      | Killed riojii's ghost
 20522 | D:8      | Bought an amulet of regeneration for 360 gold pieces
 20714 | Lair:2   | Killed oldriver's ghost
 20858 | D:12     | Noticed Frances
 20874 | D:12     | Noticed Snorg
 20881 | D:12     | Killed Frances
 20882 | D:12     | Killed Snorg
 20976 | D:12     | Reached skill level 10 in Invocations
 21147 | D:12     | Found a transporter.
 21363 | D:12     | Noticed a red very ugly thing
 21371 | D:12     | Found a transporter.
 21371 | D:12     | Found a one-way gate to the infinite horrors of the Abyss.
 21371 | D:12     | Noticed Ygigywn's ghost (journeyman DsFi)
 21798 | D:12     | Noticed Kirke
 21822 | D:12     | Noticed a sphinx
 21823 | D:12     | Killed Kirke
 22123 | Orc:1    | Entered Level 1 of the Orcish Mines
 22357 | Orc:1    | Reached XP level 16. HP: 120/120 MP: 0/0
 22540 | Orc:2    | Entered Level 2 of the Orcish Mines
 22540 | Orc:2    | Found a staircase to the Elven Halls.
 23344 | Orc:2    | Found Huherise's Antique Weapon Boutique.
 23344 | Orc:2    | Found Isaf's Magic Scroll Emporium.
 23344 | Orc:2    | Found Tutuinn's Armour Shoppe.
 23354 | Orc:2    | Found Olor's Weapon Shop.
 23361 | Orc:2    | Bought a scroll of identify for 32 gold pieces
 23361 | Orc:2    | Bought a scroll of identify for 32 gold pieces
 23361 | Orc:2    | Bought a scroll of identify for 32 gold pieces
 23733 | Orc:2    | Bought a +2 robe of the Archmagi for 565 gold pieces
 24085 | D:13     | Noticed Urug
 24092 | D:13     | Killed Urug
 24131 | D:13     | You are sucked into a shaft and drop 2 floors!
 24131 | D:15     | Entered Level 15 of the Dungeon
 24131 | D:15     | Found a shimmering altar of Xom.
 24139 | D:14     | Found Eppiac's Jewellery Shoppe.
 24415 | D:14     | Identified the +12 quarterstaff of the Real Monster {drain,
                  | rC+ rN+}
 25069 | D:13     | Found a gate to the Vaults.
 25133 | D:13     | Reached skill level 1 in Staves
 25491 | D:13     | Noticed Josephine
 25497 | D:13     | Killed Josephine
 26254 | D:15     | Reached XP level 17. HP: 127/127 MP: 0/0
 26254 | D:15     | Learned a level 7 spell: Malign Gateway
 26980 | D:15     | Reached skill level 5 in Armour
 27465 | D:15     | Found a staircase to the Depths.
 27690 | Swamp:1  | Entered Level 1 of the Swamp
 29468 | Swamp:4  | Entered Level 4 of the Swamp
 29512 | Swamp:4  | Killed by an exploding bloated husk

Illustrated notes

Levels and vault maps discovered:
D:1:      sevenhm_arrival_forest_fort_large_4, layout_basic,
          hellmonk_ecumenical_altar_blasted, minmay_misc_feat_rows
D:2:      layout_loops_ring
D:3:      layout_rooms, nicolae_tso_swordbearing_angel, ebering_ghost_gozag
D:4:      layout_rooms, minmay_misc_feat_hallway
D:5:      layout_gridville, minmay_temple_entry_arrows,
          amcnicky_mini_pool_small, uniq_eustachio, uniq_grinder, uniq_menkaure
D:6:      layout_loops_ring
D:7:      minmay_the_grid_triangle_9x9_recursive_2
          [minmay_the_grid_triangle_9x9_prize_schism,
          minmay_the_grid_triangle_9x9_corrupted_corridor,
          minmay_the_grid_triangle_9x9_dagger,
          minmay_the_grid_triangle_9x9_from_above], layout_cave_pools
D:8:      lemuel_bear_cage, layout_rooms, general_overflow_altar,
          dpeg_oklobed_lair, serial_shops, shop, nicolae_shop_hallway_plus,
          nicolae_shop_crystal, shop, nicolae_shop_waterfront,
          chequers_serial_rivers_room_b
D:9:      layout_cave_pods, serial_shops, shop, serial_column_ruins,
          column_ruins_hut, column_ruins_grid_3, column_ruins_columns_corner,
          column_ruins_open_tiny, column_ruins_grid_3,
          column_ruins_corridor_corner, column_ruins_columns_water
D:10:     layout_irregular_city, mainiacjoe_overflow_alcove_2, erik_orc_2
D:11:     layout_irregular_city, worldfamousw_hep_ancestral_shrine, uniq_sonja,
          uniq_grum
D:12:     layout_layer_cave, gammafunk_ghost_abyssal_escape,
          minmay_joined_circles, uniq_snorg, uniq_frances, uniq_kirke
D:13:     layout_loops_corners, grunt_vaults_entry_fortified, uniq_urug,
          uniq_josephine
D:14:     layout_rooms, serial_shops, shop, hangedman_decor_push,
          kennysheep_generic_room_4
D:15:     gammafunk_enter_depths_forms, layout_rooms, xom_teletrap_fun,
          special_room [special_room_orc]
Temple:   mainiacjoe_temple_bowtie_tessellation
Lair:1:   layout_regular_city
Lair:2:   layout_gridlike, nicolae_swamp_entry_splash_gauntlet,
          hellmonk_ghost_happy_afterlife
Lair:3:   layout_concentric_octagons, special_room [special_room_bee]
Lair:4:   beast_lair_carwin_large_1, layout_regular_city,
          spider_nest_entry_rubble, basic_altar, minivault_11
Lair:5:   pond_and_an_island_with_a_cottage, layout_regular_city, slime_altar_1
Lair:6:   evilmike_catoblepas_cave, layout_layer_cave,
          gammafunk_ghost_necromancy
Swamp:1:  nicolae_swamp_wrong_neighborhood, layout_basic_swamp,
          evilmike_swamp_ruin_rubble_2, swamp_pool1, nicolae_swamp_big_swirl,
          infiniplex_staircase_pool
Swamp:2:  layout_falls_marsh, hangedman_swamp_ruin_wall, swamp_pool1
Swamp:3:  layout_basic_swamp, infiniplex_staircase_pool_2, swamp_pool4,
          nicolae_swamp_catching_bugs, uniq_aizul
Swamp:4:  swamp, layout_basic_swamp
Orc:1:    layout_caves, basic_altar
Orc:2:    st_orc_rangers, layout_caves, basic_altar, mines_bat_river

Skill      XL: |  1  2  3  4  5  6  7  8  9 10 11 12 13 14 15 16 17 |
---------------+----------------------------------------------------+-----
Fighting       | 1 2 4 5 7 8 9 10 11 12 13 | 13.6
Spellcasting   | 4 5 6 7 9 10 11 12 13 14 | 14.1
Short Blades   | 1 |  1.5
Polearms       | 1 2 |  2.9
Dodging        | 3 4 6 7 9 10 11 12 13 14 | 14.8
Armour         | 1 2 4 6 |  6.1
Invocations    | 4 5 7 9 10 11 | 11.7
Evocations     | 4 6 8 |  8.9
Staves         | 2 3 |  3.4
Stealth        | |  1.5

Action                   |  1- 3 |  4- 6 |  7- 9 | 10-12 | 13-15 | 16-18 || total
-------------------------+-------+-------+-------+-------+-------+-------++-------
Melee: Short sword       |    87 |     5 |       |       |       |       ||    92
       Unarmed           |     4 |       |       |       |       |       ||     4
       Halberd           |       |   137 |   188 |   129 |       |       ||   454
       Glaive            |       |       |       |    32 |   360 |    29 ||   421
       Quarterstaff      |       |       |       |       |       |   185 ||   185
       Dire flail        |       |       |       |       |       |    87 ||    87
 Cast: Summon Small Mamm |    14 |       |       |       |       |       ||    14
       Call Imp          |     7 |    33 |     1 |       |       |       ||    41
       Sandblast         |       |     9 |     3 |       |     1 |     5 ||    18
       Call Canine Famil |       |     2 |    30 |     5 |       |       ||    37
       Mephitic Cloud    |       |       |    18 |    56 |    88 |    86 ||   248
       Summon Guardian G |       |       |     1 |     6 |     3 |     4 ||    14
       Summon Lightning  |       |       |     5 |    83 |   142 |   116 ||   346
       Corpse Rot        |       |       |     2 |     3 |    36 |     3 ||    44
       Animate Armour    |       |       |       |    23 |    54 |    40 ||   117
       Manifold Assault  |       |       |       |       |     7 |    93 ||   100
       Simulacrum        |       |       |       |       |    20 |    28 ||    48
       Conjure Flame     |       |       |       |       |     1 |       ||     1
       Malign Gateway    |       |       |       |       |       |    21 ||    21
  Use: Scroll            |       |     3 |     3 |    11 |     5 |     6 ||    28
 Stab: Distracted        |     1 |     1 |     3 |     1 |     8 |     2 ||    16
       Sleeping          |       |     1 |     1 |       |       |     1 ||     3
       Confused          |       |       |       |     8 |    20 |     4 ||    32
Armor: Robe              |    16 |     7 |       |       |       |    66 ||    89
       Leather armour    |       |    14 |     3 |       |       |       ||    17
       Troll leather arm |       |       |    41 |    44 |   111 |    10 ||   206
Dodge: Dodged            |    87 |   211 |   255 |   156 |   582 |   417 ||  1708
Block: Other             |       |       |       |       |   131 |       ||   131

Table legend: (Time is in decaauts)
 A = Elapsed time spent in this place.
 B = Non-inter-level travel time spent in this place.
 C = Inter-level travel time spent in this place.
 D = Time resting spent in this place.
 E = Time spent auto-exploring this place.
 F = Levels seen in this place.
 G = Mean time per level.
                   A        B        C        D        E       F      G
               +--------+--------+--------+--------+--------+-----+--------+
         Total |  30056 |  27854 |   2202 |   1499 |  17793 |  28 | 1073.4 |
       Dungeon |  19564 |  18058 |   1506 |   1311 |  11306 |  15 | 1304.3 |
        Temple |    219 |    219 |      0 |      0 |    172 |   1 |  219.0 |
          Lair |   6781 |   6284 |    497 |    105 |   4416 |   6 | 1130.2 |
         Swamp |   1826 |   1768 |     58 |     74 |   1035 |   4 |  456.5 |
  Orcish Mines |   1663 |   1523 |    140 |      9 |    864 |   2 |  831.5 |
               +--------+--------+--------+--------+--------+-----+--------+

Top non-repeatable levels by time:
     D:2: 2322 daAuts
     D:1: 1881 daAuts
     D:3: 1861 daAuts
    D:15: 1601 daAuts
     D:4: 1486 daAuts
  Lair:6: 1426 daAuts
  Lair:2: 1367 daAuts
    D:11: 1206 daAuts
     D:9: 1195 daAuts
    D:13: 1190 daAuts
    D:12: 1177 daAuts
   Orc:2: 1172 daAuts
     D:7: 1129 daAuts
  Lair:4: 1106 daAuts
    D:10: 1039 daAuts
